 Dungeon Crawl Stone Soup version 0.17-a0-2220-g6fea741 (webtiles) character file.

308 Raultor the Covert (level 6, 0/30 HPs)
             Began as a Spriggan Assassin on Oct 28, 2015.
             Succumbed to a worker ant's poison
             ... on level 4 of the Dungeon.
             The game lasted 00:15:27 (3595 turns).

Raultor the Covert (Spriggan Assassin)              Turns: 3595, Time: 00:15:27

Health: 0/30       AC:  3    Str:  5 (7)  XL:     6   Next: 16%
Magic:  7/7        EV: 17    Int: 12      God:
Gold:   173        SH:  0    Dex: 20      Spells: 0 memorised, 5 levels left

rFire  + . .     SeeInvis +     a - +2 dagger
rCold  + . .     Clarity  .     c - +0 robe
rNeg   . . .     SustAt   .     (shield restricted)
rPois  +         Gourm    .     (helmet restricted)
rElec  +         Spirit   .     d - +0 cloak
rCorr  +         Warding  .     (gloves unavailable)
rMut   .         Stasis   .     (boots unavailable)
MR     +....                    (no amulet)
Stlth  ++++++....               (no ring)
                                (no ring)

@: lethally poisoned (0 -> -6), resistant, very quick, somewhat resistant to
hostile enchantments, very stealthy
A: unfitting armour, see invisible, herbivore 3, speed 3, slow metabolism 2
a: no special abilities


You were on level 4 of the Dungeon.
You were not hungry.

You visited 1 branch of the dungeon, and saw 4 of its levels.

You collected 173 gold pieces.

Inventory:

Hand Weapons
 a - a +2 dagger (weapon)
 b - a +0 blowgun
 h - a +0 short sword
Missiles
 e - 19 poisoned needles
 f - a curare-tipped needle
 n - 4 steel tomahawks (quivered)
Armour
 c - a +0 robe (worn)
 d - a +0 cloak (worn)
 p - a +0 leather armour of cold resistance
Jewellery
 x - an uncursed ring of magical power
Wands
 t - a wand of slowing (12)
Scrolls
 i - 4 scrolls of identify
 j - 3 scrolls of teleportation {unknown}
 o - a scroll of remove curse {unknown}
Potions
 k - a potion of might {unknown}
 l - a potion of degeneration
 m - 2 potions of resistance
 q - a potion of cancellation {unknown}
 s - a potion of mutation {unknown}
 u - a potion of poison
 v - a potion of magic {unknown}
 w - a potion of curing {unknown}
Comestibles
 g - 2 bread rations
 r - a slice of pizza


   Skills:
 - Level 1.5 Fighting
 - Level 2.1 Short Blades
 - Level 2.0 Throwing
 - Level 1.5 Dodging
 + Level 11.2 Stealth


You had 5 spell levels left.
You didn't know any spells.

Dungeon Overview and Level Annotations

Branches:
Dungeon (4/15)
 Temple: D:4-7

Altars:
Elyvilon
Qazlal
Ru
Xom


Innate Abilities, Weirdness & Mutations

You are tiny and cannot use many weapons and most armour.
You have supernaturally acute eyesight.
You are a herbivore.
You cover ground extremely quickly.
You need consume almost no food.


Message History

You feel sick.
* * * LOW HITPOINT WARNING * * *
You feel sick.
* * * LOW HITPOINT WARNING * * *
You feel sick.
Found 6 gold pieces.
* * * LOW HITPOINT WARNING * * *
You feel sick.
Drink which item? (? for menu, Esc to quit)
It was a potion of resistance.
You feel protected.
Drink which item? (? for menu, Esc to quit)
It was a potion of degeneration.
There was something very wrong with that liquid.
You feel weakened.
* * * LOW HITPOINT WARNING * * *
You feel sick.
Drink which item? (? for menu, Esc to quit)
It was a potion of poison.
You feel slightly nauseous.
You die...

####
#............#
...#
#............#
...#
#............#
...#
#............#
...#
#............#
...#
#########†####
...+ #.# ...#
####### #.# ####
#@.a..####.#
.$........#......#
###.###..###..####
#..## ##..# ...#+
##..# #..# #.# #..
.# #.. ##


You could see a worker ant.

Vanquished Creatures
  A phantom (D:4)
  Jessica (D:3)
  Robin (D:3)
  11 adders
  3 worms
  2 giant geckos
  4 orcs (D:3)
  2 ball pythons (D:3)
  A giant cockroach (D:2)
  14 goblins
  12 hobgoblins
  3 jackals (D:4)
  7 kobolds
  9 bats
  5 giant newts
  8 rats
84 creatures vanquished.

Notes
Turn   | Place    | Note
--------------------------------------------------------------
     0 | D:1      | Raultor the Spriggan Assassin began the quest for the Orb.
     0 | D:1      | Reached XP level 1. HP: 10/10 MP: 2/2
    31 | D:1      | Reached skill level 6 in Stealth
   116 | D:1      | You fall through a shaft!
   130 | D:2      | Reached skill level 7 in Stealth
   130 | D:2      | Reached XP level 2. HP: 8/14 MP: 3/3
   472 | D:2      | Found a shimmering altar of Xom.
   474 | D:2      | Found a stormy altar of Qazlal.
   475 | D:2      | Found a sacrificial altar of Ru.
   559 | D:2      | Reached XP level 3. HP: 18/18 MP: 4/4
   831 | D:1      | Reached skill level 8 in Stealth
  1365 | D:3      | Found a faded altar to an unknown god.
  1626 | D:3      | Noticed Jessica
  1633 | D:3      | Killed Jessica
  1633 | D:3      | Reached XP level 4. HP: 22/22 MP: 5/5
  1697 | D:3      | Reached skill level 9 in Stealth
  2027 | D:3      | Found a white marble altar of Elyvilon.
  2225 | D:3      | Noticed Robin
  2349 | D:3      | Killed Robin
  2349 | D:3      | Reached XP level 5. HP: 18/25 MP: 6/6
  2611 | D:3      | Reached skill level 10 in Stealth
  3383 | D:4      | Noticed a phantom
  3390 | D:4      | Killed a phantom
  3390 | D:4      | Reached skill level 11 in Stealth
  3390 | D:4      | Reached XP level 6. HP: 30/30 MP: 7/7
  3594 | D:4      | HP: 1/30 [poisoned by a worker ant]
  3595 | D:4      | Succumbed to a worker ant's poison

Vault maps used:
D:1:      ncdulo_smallfort
D:2:      grunt_temple_overflow_open, first_bread
D:3:      lemuel_doored_altar, ecumenical_altar_2, uniq_robin, uniq_jessica
D:4:      kennysheep_the_goblin_king, gammafunk_temple_overflow_pools,
          nemelex_diamond_rough_becter

Action                   |  1- 3 |  4- 6 || total
-------------------------+-------+-------++-------
Melee: Dagger            |    95 |   135 ||   230
 Fire: Blowgun           |       |    10 ||    10
Throw: Tomahawk          |     6 |    14 ||    20
  Use: Scroll            |       |     1 ||     1
       Potion            |       |     3 ||     3
 Stab: Sleeping          |    19 |     7 ||    26
       Distracted        |       |     2 ||     2
